Map: Beckett Industries LE

Players

virtuoso

  • Race: Terran Terran
  • League: Diamond

Massa - Winner!

  • Race: Terran Terran
  • League: Platinum

VOD

Have the link to the VOD?

Description

Time

  • Played on: April 15, 2021, 12:56 p.m.
  • Length: 3:40
Show
View Real Time Build Order
Export as new Build Order

virtuoso Terran 

Build Orders:  

Get SALT Encoding   

  12  0:00  SCV  
  13  0:12  SCV  
  14  0:18  Supply Depot  
  14  0:24  SCV  
  15  0:29  Refinery  
  15  0:39  SCV  
  16  0:48  Barracks  
  16  0:52  SCV  
  17  1:04  SCV  
  18  1:17  SCV  
  19  1:29  SCV  
  20  1:41  Factory  
  20  1:45  Orbital Command  
  20  1:50  Reaper  
  21  2:03  Refinery  
  21  2:10  SCV  
  22  2:16  Command Center  
  23  2:22  SCV  
  23  2:34  Supply Depot  
  23  2:41  Starport, Reaper  
  23  2:47  Hellion  
  23  2:53  SCV  
  22  3:05  SCV  
  13  3:17  SCV  
Show
View Real Time Build Order
Export as new Build Order

Massa Terran - Winner!

Build Orders:  

Get SALT Encoding   

  12  0:00  SCV  
  13  0:12  SCV  
  14  0:22  Supply Depot  
  14  0:24  SCV  
  15  0:43  Refinery, SCV  
  15  0:46  Refinery  
  16  0:55  Barracks  
  16  1:11  Barracks  
  16  1:15  SCV  
  17  1:27  SCV  
  18  1:35  Supply Depot  
  18  1:42  Reaper  
  18  1:46  Orbital Command  
  19  1:57  Reaper  
  20  2:12  SCV  
  20  2:14  Reaper  
  22  2:23  Barracks  
  22  2:26  SCV  
  23  2:30  Reaper  
  24  3:02  Reaper x2  
Tags
 
Add a new tag
Caveats
  • Supply blocks, unpowered buildings, or Contaminate may cause inaccurate times.
  • Supply counts are checked every 10 seconds.